 Dungeon Crawl Stone Soup version 0.30-a0-782-ge64f9170bb (webtiles) character file.

Game seed: 9824480594355872435

46827 mopl the Thaumaturge (level 14, 0/115 HPs)
             Began as a Purple Draconian Air Elementalist on Mar 13, 2023.
             Was a High Priest of Vehumet.
             Slain by a cane toad (19 damage)
             ... on level 5 of the Lair of Beasts.
             The game lasted 00:44:54 (18149 turns).

mopl the Thaumaturge (DrAE)                        Turns: 18149, Time: 00:44:54

Health: 0/115      AC: 13    Str: 12    XL:     14   Next: 6%
Magic:  2/39       EV: 17    Int: 22    God:    Vehumet [*****.]
Gold:   1327       SH:  0    Dex: 20    Spells: 5/38 levels left

rFire   + + .      SeeInvis .    a - +8 trident of the Living Dead {venom, rN+}
rCold   . . .      Faith    .    N - orb {light}
rNeg    + + .      Spirit   .    (body armour unavailable)
rPois   +          Reflect  .    (helmet restricted)
rElec   .          Harm     .    D - +0 cloak
rCorr   .          Rampage  .    P - +2 pair of gloves of Ukhlucut {rN+ Dex+5}
Will    +++..                    T - +0 pair of boots
Stlth   +                        U - amulet of Addoarph {Acrobat rPois rF++ Int+3 Dex+3}
HPRegen 0.39/turn                C - ring of magical power
MPRegen 0.26/turn                V - ring of willpower

@: lethally poisoned (0 -> -8), glowing
A: breathe power, AC +8, unfitting armour, cold-blooded
a: Breathe Dispelling Energy, Renounce Religion


You were on level 5 of the Lair of Beasts.
You worshipped Vehumet.
Vehumet was extremely pleased with you.
You visited 3 branches of the dungeon, and saw 18 of its levels.
You also visited: Ossuary and Bailey.

You collected 2095 gold pieces.
You spent 768 gold pieces at shops.

Inventory:

Hand Weapons
 a - the +8 trident of the Living Dead (weapon) {venom, rN+}
   (You found it on level 3 of the Lair of Beasts)

   rN:        It protects you from negative energy.
 K - a +1 hand axe of flaming
 L - a +2 vampiric spear
Missiles
 E - 3 throwing nets
 F - 10 poisoned darts
 J - 7 boomerangs
 O - a boomerang of dispersal
Armour
 D - a +0 cloak (worn)
 N - an orb of light (worn)
 P - the +2 pair of gloves of Ukhlucut (worn) {rN+ Dex+5}
   (You acquired it in a bailey)

   Dex:       It affects your dexterity (+5).
   rN:        It protects you from negative energy.
 R - a +0 buckler
 T - a +0 pair of boots (worn)
Jewellery
 u - a ring of flight
 C - a ring of magical power (left hand)
 S - a ring of ice
 U - the amulet of Addoarph (around neck) {Acrobat rPois rF++ Int+3 Dex+3}
   (You found it on level 10 of the Dungeon)

   [amulet of the acrobat]

   It increases your evasion while moving and waiting.
   Int:       It affects your intelligence (+3).
   Dex:       It affects your dexterity (+3).
   rF:        It greatly protects you from fire.
   rPois:     It protects you from poison.
 V - a ring of willpower (right hand)
Wands
 c - a wand of paralysis (2)
 g - a wand of acid (4)
 l - a wand of digging (2)
 A - a wand of flame (5)
 I - a wand of polymorph (10)
 W - a wand of iceblast (14)
Scrolls
 h - 4 scrolls of torment {!r}
 i - 10 scrolls of teleportation {unknown}
 j - 2 scrolls of enchant weapon
 k - 4 scrolls of fog
 n - 3 scrolls of enchant armour
 o - 4 scrolls of fear
 q - 7 scrolls of vulnerability {unknown}
 s - 6 scrolls of magic mapping
 t - a scroll of silence {!r}
 x - 4 scrolls of poison
 z - a scroll of immolation
 Q - 2 scrolls of blinking
Potions
 b - 5 potions of haste
 d - 4 potions of might
 e - 3 potions of invisibility
 f - 10 potions of curing
 m - 2 potions of brilliance
 p - 3 potions of flight
 r - 2 potions of resistance
 v - 5 potions of heal wounds
 w - 5 potions of berserk rage {!q}
 B - 2 potions of ambrosia
 G - 4 potions of magic
 H - 7 potions of lignification {!q}
 M - 5 potions of cancellation
Miscellaneous
 y - a tin of tremorstones (2/2)


   Skills:
 + Level 8.2 Fighting
 + Level 7.1 Dodging
 - Level 1.7 Stealth
 + Level 12.8 Spellcasting
 + Level 11.6 Conjurations
 - Level 5.0 Necromancy
 - Level 3.0 Translocations
 + Level 12.0 Air Magic
 + Level 4.3 Poison Magic
 + Level 8.2 Evocations


You had 5 spell levels left.
You knew the following spells:

 Your Spells              Type           Power      Damage    Failure   Level
a - Lightning Bolt        Conj/Air       30%        1d47      1%          5
b - Static Discharge      Conj/Air       100%       2-7/arc   1%          2
c - Kindle Blastsparks    Fire/Tloc/Air  72%        2d16      1%          3
d - Iskenderun's Mystic   Conj/Tloc      46%        2d10      1%          4
e - Shock                 Conj/Air       100%       1d9       1%          1
f - Airstrike             Air            30%        2d(5-21)  1%          4
g - Arcjolt               Conj/Air       30%        1d40      1%          5
n - Swiftness             Air            61%        N/A       1%          3
o - Olgreb's Toxic Radia  Pois           33%        N/A       2%          4
w - Sublimation of Blood  Necr           36%        N/A       1%          2

Your spell library contained the following spells:

 Spells                   Type           Power      Damage    Failure   Level
 Irradiate                Conj/Tmut      19%        3d18      3%          5
 Cigotuvi's Dreadful Rot  Necr/Pois/Air  90%        N/A       1%          2
 Dazzling Flash           Conj/Hex       78%        N/A       1%          3
 Vhi's Electric Charge    Tloc/Air       94%        N/A       1%          3
 Freezing Cloud           Conj/Ice/Air   24%        6-21      1%          5
 Ignite Poison            Fire/Tmut/Pois 20%        N/A       2%          3
 Summon Lightning Spire   Summ/Air       40%        N/A       3%          4
 Animate Dead             Necr           36%        N/A       6%          4
 Dispel Undead            Necr           36%        3d15      6%          4
 Passwall                 Tmut/Erth      11%        N/A       7%          2
 Wereblood                Tmut           14%        N/A       7%          2
 Portal Projectile        Hex/Tloc       40%        N/A       8%          3
 Silence                  Hex/Air        20%        N/A       11%         5
 Call Canine Familiar     Summ           14%        N/A       14%         3
 Agony                    Necr           36%        N/A       16%         5
 Leda's Liquefaction      Hex/Erth       7%         N/A       41%         4
 Borgnjor's Vile Clutch   Necr/Erth      12%        N/A       41%         5
 Summon Forest            Summ/Tloc      10%        N/A       56%         5
 Eringya's Noxious Bog    Tmut/Pois      11%        N/A       54%         6
 Death Channel            Necr           18%        N/A       65%         6
 Storm Form               Tmut/Air       20%        N/A       97%         7
 Haunt                    Necr/Summ      12%        N/A       100%        7
 Summon Hydra             Summ           7%         N/A       100%        7
 Borgnjor's Revivificati  Necr           18%        N/A       100%        8
 Necromutation            Tmut/Necr      12%        N/A       100%        8
 Death's Door             Necr           18%        N/A       100%        9


Dungeon Overview and Level Annotations

Branches:
Dungeon (12/15)            Temple (1/1) D:4            Lair (5/5) D:11
  Swamp (0/4) Lair:3        Snake (0/4) Lair:2          Orc (0/2) D:12
Ossuary (visited)          Bailey (visited)
  Slime: Lair:4-5

Altars:
Ashenzari
Cheibriados
Dithmenos
Elyvilon
Fedhas
Gozag
Hepliaklqana
Kikubaaqudgha
Makhleb
Nemelex Xobeh
Okawaru
Qazlal
Ru
Sif Muna
Trog
Uskayaw
Vehumet
Wu Jian
Xom
Yredelemnul
Zin
The Shining One

Shops:
D:4 :   D:5 *   D:9 *   D:10 (

Annotations:
D:5 3 runed translucent doors, senseless's ghost, novice DsGl
D:6 3 runed translucent doors, Stil's ghost, novice FoFi; Vorhees's ghost, novice DjIE
Lair:3 2 transporters


Innate Abilities, Weirdness & Mutations

You can breathe bolts of dispelling energy.
Your rich purple scales are hard. (AC +8)
You cannot fit into any form of body armour.
You are cold-blooded and may be slowed by cold attacks.


Message History

Casting: Lightning Bolt (mildly dangerous; 1% risk of failure)
Confirm with . or Enter, or press ? or * to list all spells.
Okay, then.
Okay, then.
Okay, then.
Okay, then.
Unknown command.
Okay, then.
Okay, then.
The black mamba misses you. The black mamba completely misses you.
Casting: Lightning Bolt (mildly dangerous; 1% risk of failure)
Confirm with . or Enter, or press ? or * to list all spells.
Electricity surges outward!
The cane toad is moderately wounded.
The black mamba is moderately wounded. x2
You hear a roar!
The black mamba bites you but does no damage.
The black mamba bites you! The cane toad barely misses you.
Casting: Arcjolt (mildly dangerous; 1% risk of failure)
Confirm with . or Enter, or press ? or * to list all spells.
Electricity surges outward!
The cane toad is moderately wounded.
The black mamba is moderately wounded. x2
The black mamba bites you but does no damage.
The black mamba barely misses you. The cane toad stings you.
You are poisoned.
The cane toad poisons you! The black mamba misses you.
The black mamba bites you.
* * * LOW HITPOINT WARNING * * *
Unknown command.
Casting: Arcjolt (mildly dangerous; 1% risk of failure)
Confirm with . or Enter, or press ? or * to list all spells.
Electricity surges outward!
The cane toad is heavily wounded.
The black mamba is heavily wounded.
You kill the black mamba!
Vehumet accepts your kill.
You feel very sick. The black mamba bites you!
* * * LOW HITPOINT WARNING * * *
The cane toad stings you but does no damage.
The black mamba misses you. The cane toad stings you!!
You die...

#P.....#.....## #.P.
##....##......## ###.PP
#.P...........# #...P# ##
##............#####....#
.#######...P..........##....#
..##.#...........^.....##...###
....................#....†....#
#.####....#####....##........##
### #P....# #.@....#.P..††####
# ###...### #.FS...#.......#.#
#P#.#..# #......####.##†<#
#.......# ##....## #####....
.#####... ##...# ##..D ## ##..
#...# #.# # ...## #. # ...## #
# ....#


You could see a black mamba and a cane toad.

Vanquished Creatures
  A catoblepas (Lair:3)
  A two-headed ogre (D:11)
  3 boulder beetles
  4 death yaks (Lair:5)
  An orc high priest (Bailey)
  2 lindwurms (Lair:2)
  A deep elf pyromancer (D:12)
  A wolf spider (Lair:5)
  2 cyclopes (D:12)
  12 elephants
  A torpor snail (Lair:4)
  7 black mambas
  10 cane toads
  A gargoyle (D:11)
  Maggie (Lair:2)
  5 rime drakes
  A kobold demonologist (Bailey)
  3 komodo dragons
  4 trolls
  2 polar bears
  2 dream sheep (Lair:4)
  Prince Ribbit (D:8)
  19 blink frogs
  6 slime creatures
  25 yaks
  2 shadows
  4 wraiths
  Eustachio (D:6)
  7 basilisks
  9 wyverns
  3 steam dragons
  4 vampire mosquitoes (Lair:3)
  Menkaure (D:6)
  16 water moccasins
  4 acid dragons
  15 orc warriors
  4 sky beasts
  3 ice beasts
  A black bear (D:7)
  30 wolves
  3 centaurs
  3 phantoms
  A kobold brigand (D:6)
  2 elf zombies
  10 bullfrogs
  2 necrophages
  2 elf skeletons (D:8)
  6 gnoll sergeants
  A scorpion (D:7)
  9 wights
  3 troll zombies (D:12)
  13 killer bees
  A howler monkey (D:5)
  10 electric eels
  5 centaur zombies (Ossuary)
  6 hounds
  4 jellies
  3 gnoll boudas
  7 human zombies
  5 orc priests
  4 iguanas
  Terence (D:2)
  12 hell rats
  5 orc wizards
  5 ogre zombies (D:12)
  3 mummies (Ossuary)
  41 gnolls
  3 adders
  2 shadow imps
  5 white imps
  3 ufetubi
  A worm (D:4)
  3 dart slugs
  25 orcs
  5 endoplasms
  2 giant cockroaches
  13 goblins
  8 hobgoblins
  6 jackals
  5 quokkas
  9 ball pythons
  5 bats
  A goblin skeleton (D:12)
  A goblin zombie (D:12)
  2 hobgoblin skeletons (D:12)
  A hobgoblin zombie (D:12)
  14 kobolds
  6 orc skeletons
  16 orc zombies
  5 rats
528 creatures vanquished.

Vanquished Creatures (others)
  41 fungi
  54 plants
95 creatures vanquished.

Grand Total: 623 creatures vanquished

Notes
Turn   | Place    | Note
-------+----------+-------------------------------------------
     0 | D:1      | mopl the Draconian Air Elementalist began the quest for the
                  | Orb.
     0 | D:1      | Reached XP level 1. HP: 14/14 MP: 3/3
    95 | D:1      | You fall into a shaft and drop 1 floor!
   169 | D:2      | Reached XP level 2. HP: 20/20 MP: 0/5
   172 | D:2      | Learned a level 2 spell: Static Discharge
   208 | D:2      | HP: 1/20 [orc/+0 mace (4)]
   467 | D:1      | Reached XP level 3. HP: 26/26 MP: 2/6
   561 | D:1      | Reached skill level 2 in Conjurations
  1053 | D:2      | Noticed Terence
  1080 | D:2      | Killed Terence
  1081 | D:2      | Reached XP level 4. HP: 26/33 MP: 0/8
  1662 | D:2      | Identified the +1 leather armour "Byczex" {*Slow rN+ rCorr
                  | MP+9}
  1807 | D:3      | Reached skill level 3 in Spellcasting
  1958 | D:3      | Learned a level 4 spell: Airstrike
  2265 | D:3      | Found a basalt altar of Yredelemnul.
  2265 | D:3      | Found a hide-covered altar of Uskayaw.
  2273 | D:3      | Found an opulent altar of Gozag.
  2275 | D:3      | Found a shadowy altar of Dithmenos.
  2277 | D:3      | Found a faded altar of an unknown god.
  2355 | D:3      | Reached skill level 4 in Air Magic
  2512 | D:4      | Found a staircase to the Ecumenical Temple.
  2512 | D:4      | Noticed a bullfrog
  2525 | D:4      | Killed a bullfrog
  2526 | D:4      | Reached skill level 3 in Conjurations
  2526 | D:4      | Reached XP level 5. HP: 33/38 MP: 1/10
  2546 | Temple   | Entered the Ecumenical Temple
  2582 | Temple   | Became a worshipper of Vehumet
  2897 | D:4      | Found Otwe's Book Shop.
  3022 | D:5      | Entered Level 5 of the Dungeon
  3027 | D:5      | Learned a level 3 spell: Swiftness
  3037 | D:5      | Noticed a phantom
  3051 | D:5      | Killed a phantom
  3052 | D:5      | Reached XP level 6. HP: 30/45 MP: 0/11
  3186 | D:5      | Found a runed translucent gate.
  3186 | D:5      | Found a runed translucent gate.
  3186 | D:5      | Found an opulent altar of Gozag.
  3187 | D:5      | Found a runed translucent gate.
  3190 | D:5      | Noticed senseless's ghost (novice DsGl)
  3238 | D:5      | Reached skill level 4 in Spellcasting
  3269 | D:5      | Reached skill level 4 in Conjurations
  3272 | D:5      | Reached skill level 5 in Air Magic
  3333 | D:5      | Noticed an ice beast
  3339 | D:5      | Killed an ice beast
  3340 | D:5      | Your scales start taking on a rich purple colour.
  3340 | D:5      | Reached skill level 5 in Spellcasting
  3340 | D:5      | Reached XP level 7. HP: 47/50 MP: 4/14
  3343 | D:5      | Learned a level 2 spell: Sublimation of Blood
  3377 | D:5      | Found Tiquiqu's Assorted Antiques.
  3399 | D:5      | Reached skill level 1 in Necromancy
  3404 | D:5      | Bought a scroll labelled EHATSATIORCH for 18 gold pieces
  3404 | D:5      | Bought a scroll labelled EHATSATIORCH for 18 gold pieces
  3404 | D:5      | Bought a scroll labelled YKLIBA SECAW for 18 gold pieces
  3404 | D:5      | Bought a smoky red potion for 16 gold pieces
  3404 | D:5      | Bought a twisted iron wand for 72 gold pieces
  4445 | D:6      | Noticed Menkaure
  4450 | D:6      | Killed Menkaure
  4599 | D:6      | Reached skill level 2 in Necromancy
  4600 | D:6      | Reached skill level 6 in Spellcasting
  4600 | D:6      | Reached skill level 5 in Conjurations
  4602 | D:6      | Reached XP level 8. HP: 36/57 MP: 15/17
  4720 | D:6      | Reached skill level 6 in Air Magic
  4727 | D:6      | Found Isocoag's General Store.
  4825 | D:6      | Reached skill level 3 in Necromancy
  4948 | D:6      | Reached * piety under Vehumet
  4948 | D:6      | Offered knowledge of Magic Dart by Vehumet.
  5047 | D:6      | Noticed Eustachio
  5059 | D:6      | Killed Eustachio
  5089 | D:6      | Reached skill level 7 in Spellcasting
  5089 | D:6      | Reached skill level 6 in Conjurations
  5396 | D:6      | Found a runed translucent gate.
  5397 | D:6      | Found a runed translucent gate.
  5397 | D:6      | Found a runed translucent gate.
  5415 | D:6      | Noticed Stil's ghost (novice FoFi)
  5415 | D:6      | Noticed Vorhees's ghost (novice DjIE)
  5615 | D:7      | Reached skill level 4 in Necromancy
  5632 | D:7      | Reached XP level 9. HP: 51/62 MP: 19/19
  5667 | D:7      | Reached skill level 7 in Air Magic
  5878 | D:7      | Reached skill level 5 in Necromancy
  6046 | D:7      | Reached skill level 8 in Spellcasting
  6046 | D:7      | Reached skill level 7 in Conjurations
  6304 | D:7      | Reached skill level 8 in Air Magic
  6514 | D:8      | Reached ** piety under Vehumet
  6514 | D:8      | Offered knowledge of Sandblast by Vehumet.
  6596 | D:8      | Found a hazy altar of Hepliaklqana.
  6730 | D:8      | Found a sand-covered staircase.
  6748 | D:8      | Reached XP level 10. HP: 69/69 MP: 22/22
  6751 | Ossuary  | Entered an ossuary
  6864 | Ossuary  | Reached skill level 9 in Spellcasting
  6870 | Ossuary  | Reached skill level 8 in Conjurations
  7085 | D:8      | Offered knowledge of Kindle Blastsparks by Vehumet.
  7125 | D:8      | Learned a level 3 spell: Kindle Blastsparks
  7238 | D:8      | Noticed Prince Ribbit
  7248 | D:8      | Killed Prince Ribbit
  7254 | D:8      | Reached skill level 1 in Translocations
  7417 | D:8      | Found a glowing golden altar of the Shining One.
  7488 | D:9      | Reached *** piety under Vehumet
  7561 | D:9      | Found a shimmering altar of Xom.
  7603 | D:9      | Reached skill level 2 in Translocations
  7603 | D:9      | Reached skill level 9 in Air Magic
  7816 | D:9      | Offered knowledge of Iskenderun's Mystic Blast by Vehumet.
  7825 | D:9      | Learned a level 4 spell: Iskenderun's Mystic Blast
  8071 | D:9      | Found Seroseun's Changing Room.
  8272 | D:9      | Bought a potion of mutation for 96 gold pieces
  8272 | D:9      | Bought a potion of lignification for 36 gold pieces
  8295 | D:10     | Entered Level 10 of the Dungeon
  8303 | D:10     | Reached skill level 3 in Translocations
  8336 | D:10     | Reached skill level 10 in Spellcasting
  8383 | D:10     | Reached skill level 9 in Conjurations
  8428 | D:10     | Identified the amulet of Addoarph {Acrobat rPois rF++ Int+3
                  | Dex+3}
  8469 | D:10     | Found Eqoacac's Antique Weapon Boutique.
  8472 | D:10     | Reached skill level 2 in Dodging
  8523 | D:10     | Reached skill level 1 in Fighting
  8527 | D:10     | Reached skill level 1 in Evocations
  8551 | D:10     | Reached **** piety under Vehumet
  8562 | D:10     | Found the +1 Delatra's gloves {ID++}
  8587 | D:10     | Found a flagged portal.
  8626 | Bailey   | Entered a bailey
  8699 | Bailey   | Offered knowledge of Inner Flame by Vehumet.
  8817 | Bailey   | Reached XP level 11. HP: 67/79 MP: 25/25
  9019 | Bailey   | Reached skill level 2 in Fighting
  9171 | Bailey   | Reached skill level 2 in Evocations
  9199 | Bailey   | Acquired 1034 gold pieces
  9200 | Bailey   | Acquired the +2 pair of gloves of Ukhlucut {rN+ Dex+5}
  9299 | Bailey   | Found an iron altar of Okawaru.
  9299 | Bailey   | Noticed an orc high priest
  9332 | Bailey   | Killed an orc high priest
  9801 | D:10     | Reached skill level 3 in Dodging
 10362 | D:11     | Reached skill level 3 in Fighting
 10633 | D:11     | Found a staircase to the Lair.
 10667 | D:11     | Noticed a two-headed ogre
 10677 | D:11     | Killed a two-headed ogre
 10678 | D:11     | Reached skill level 3 in Evocations
 10978 | D:12     | Reached skill level 10 in Air Magic
 11237 | D:12     | Reached ***** piety under Vehumet
 11290 | D:12     | Noticed a deep elf pyromancer
 11293 | D:12     | Killed a deep elf pyromancer
 11312 | D:12     | Offered knowledge of Fulminant Prism by Vehumet.
 11466 | D:12     | Reached skill level 4 in Fighting
 11476 | D:12     | Found a staircase to the Orcish Mines.
 11494 | D:12     | Reached skill level 4 in Evocations
 11515 | D:12     | Noticed a boulder beetle
 11563 | D:12     | Reached skill level 4 in Dodging
 11575 | D:11     | Killed a boulder beetle
 11817 | D:12     | Reached skill level 11 in Spellcasting
 12045 | D:12     | Reached skill level 10 in Conjurations
 12285 | Lair:1   | Entered Level 1 of the Lair of Beasts
 12295 | Lair:1   | Reached XP level 12. HP: 92/92 MP: 21/27
 12500 | Lair:1   | HP: 4/92 [poisoned by a cane toad]
 12512 | Lair:1   | Noticed a boulder beetle
 12671 | Lair:1   | Reached skill level 5 in Fighting
 12773 | Lair:1   | Reached skill level 5 in Evocations
 12915 | D:4      | Bought a book of Lightning for 494 gold pieces
 12921 | D:4      | Learned a level 5 spell: Lightning Bolt
 12927 | D:4      | Learned a level 5 spell: Arcjolt
 13137 | Lair:1   | Killed a boulder beetle
 13481 | Lair:2   | Reached skill level 5 in Dodging
 14109 | Lair:2   | Reached skill level 6 in Fighting
 14231 | Lair:2   | Reached skill level 6 in Evocations
 14249 | Lair:2   | Reached skill level 11 in Air Magic
 14251 | Lair:2   | Got the Quarto of Different Convocation
 14258 | Lair:2   | Noticed Maggie
 14261 | Lair:2   | Killed Maggie
 14502 | Lair:2   | Noticed a boulder beetle
 14612 | Lair:2   | Killed a boulder beetle
 14670 | Lair:2   | Found a staircase to the Snake Pit.
 15427 | Lair:3   | Offered knowledge of Olgreb's Toxic Radiance by Vehumet.
 15441 | Lair:2   | Learned a level 4 spell: Olgreb's Toxic Radiance
 15555 | Lair:3   | Noticed a catoblepas
 15752 | Lair:3   | Reached skill level 12 in Spellcasting
 15752 | Lair:3   | Reached XP level 13. HP: 65/102 MP: 29/29
 15761 | Lair:3   | Reached skill level 6 in Dodging
 15954 | Lair:3   | Found a staircase to the Swamp.
 15960 | Lair:3   | Reached skill level 1 in Poison Magic
 16067 | Lair:3   | Found a transporter.
 16068 | Lair:3   | Found a transporter.
 16120 | Lair:3   | Reached skill level 11 in Conjurations
 16406 | Lair:3   | Identified the +8 trident of the Living Dead {venom, rN+}
 16948 | Lair:4   | Reached skill level 7 in Fighting
 16949 | Lair:4   | Reached skill level 7 in Evocations
 16952 | Lair:4   | Reached skill level 2 in Poison Magic
 17593 | Lair:4   | Reached skill level 3 in Poison Magic
 17890 | Lair:5   | Entered Level 5 of the Lair of Beasts
 17914 | Lair:5   | Offered knowledge of Irradiate by Vehumet.
 17983 | Lair:5   | Reached skill level 8 in Fighting
 17983 | Lair:5   | Reached skill level 7 in Dodging
 17988 | Lair:5   | Reached skill level 4 in Poison Magic
 17992 | Lair:5   | Reached skill level 8 in Evocations
 18134 | Lair:5   | Reached skill level 12 in Air Magic
 18134 | Lair:5   | Reached XP level 14. HP: 84/115 MP: 25/30
 18149 | Lair:5   | Slain by a cane toad

Illustrated notes

Levels and vault maps discovered:
D:1:      dpeg_arrival_tiny_c, layout_basic, minmay_tetromino_o4
D:2:      layout_loops_ring, uniq_terence
D:3:      layout_basic, chequers_temple_overflow_minitemple,
          kennysheep_decorative_pillar
D:4:      layout_rooms, minmay_temple_entry_butterflies, serial_shops, shop
D:5:      layout_layer_cave, serial_shops, nicolae_shop_statue_plus,
          ebering_ghost_gozag
D:6:      layout_loops_cross, gammafunk_ghost_cemetery, serial_shops,
          nicolae_shop_window_shopping, kennysheep_dice, uniq_eustachio,
          uniq_menkaure
D:7:      minmay_octagon_keep, layout_basic
D:8:      layout_cave_pools, mainiacjoe_overflow_concentric_impassable,
          tso_oasis_becter, nicolae_ossuary_entry_catacombs,
          hangedman_abyss_or_decor_jellyfish_corner,
          hangedman_decor_peaks_small, kennysheep_potato, uniq_prince_ribbit1
D:9:      layout_basic, overflow_temple_1_default, nicolae_transmutations_shop
D:10:     layout_basic, serial_shops, shop_statue, enter_bailey_5,
          minmay_variable_closet
D:11:     layout_long_grid, lair_entry_dummy
D:12:     layout_rooms, zombieorc2_lemuel, serial_aquarium,
          aquarium_bridge_square [aquarium_subvault_wall,
          aquarium_subvault_balcony, aquarium_subvault_bridge,
          aquarium_subvault_bridge], aquarium_window_1, aquarium_window_3,
          aquarium_view_2b, aquarium_view_2b, aquarium_pool_2
Temple:   eino_wide_crystal_templ
Lair:1:   layout_cave_shapes, st_stairs_4, grunt_megastairs_5,
          serial_bayou_shore_a
Lair:2:   layout_layer_cave, minmay_snake_entry_six_corridors, minivault_24,
          nicolae_lair_lindhole, uniq_maggie
Lair:3:   gammafunk_boulding_lane, layout_gridlike, minmay_swamp_entry_swarm
Lair:4:   layout_cave_shapes
Lair:5:   guppyfry_lair_end_dragon, layout_cave_pods,
          hangedman_lair_tendril_chambers, dpeg_slime_entry_enclosed,
          enter_volcano_2

Skill      XL: |  1  2  3  4  5  6  7  8  9 10 11 12 13 |
---------------+----------------------------------------+-----
Conjurations   | 2 3 4 5 6 7 9 10 11 | 11.6
Spellcasting   | 3 5 6 7 8 10 11 12 | 12.8
Air Magic      | 4 5 6 8 9 10 11 12 | 12.0
Necromancy     | 2 4 5 |  5.0
Translocations | 3 |  3.0
Dodging        | 2 4 5 7 |  7.1
Fighting       | 1 4 6 8 |  8.2
Evocations     | 1 4 6 8 |  8.2
Poison Magic   | 4 |  4.3
Stealth        | |  1.7

Action                     |  1- 3 |  4- 6 |  7- 9 | 10-12 | 13-15 || total
---------------------------+-------+-------+-------+-------+-------++-------
  Melee: Unarmed           |    45 |       |       |       |       ||    45
         Tailslap          |     7 |     8 |    40 |    55 |    18 ||   128
         Rapier            |    25 |    84 |   185 |   171 |    24 ||   489
         Punch             |     1 |       |       |       |       ||     1
         Trident           |       |       |       |       |    53 ||    53
  Throw: Dart              |       |       |       |    17 |       ||    17
   Cast: Shock             |    56 |    77 |   155 |    88 |       ||   376
         Static Discharge  |       |    11 |    35 |   230 |       ||   276
         Airstrike         |       |       |    17 |   113 |     9 ||   139
         Iskenderun's Myst |       |       |       |     1 |       ||     1
         Lightning Bolt    |       |       |       |    41 |    21 ||    62
         Arcjolt           |       |       |       |    10 |    45 ||    55
         Olgreb's Toxic Ra |       |       |       |       |     7 ||     7
Ability: Breathe Dispellin |       |       |     1 |       |       ||     1
  Evoke: Wand              |       |       |       |     3 |     1 ||     4
    Use: Scroll            |       |     7 |     1 |    14 |     4 ||    26
         Potion            |       |       |       |     1 |       ||     1
   Stab: Paralysed         |       |       |       |     6 |     4 ||    10
 Armour: Skin              |    43 |    31 |   136 |   141 |    60 ||   411
  Dodge: Dodged            |    87 |    72 |   168 |   357 |   144 ||   828

Table legend: (Time is in decaauts)
 A = Elapsed time spent in this place.
 B = Non-inter-level travel time spent in this place.
 C = Inter-level travel time spent in this place.
 D = Time resting spent in this place.
 E = Time spent auto-exploring this place.
 F = Levels seen in this place.
 G = Mean time per level.
                   A        B        C        D        E       F      G
               +--------+--------+--------+--------+--------+-----+--------+
         Total |  18340 |  17304 |   1036 |   4254 |   8868 |  20 |  917.0 |
       Dungeon |  11302 |  10682 |    620 |   1902 |   6180 |  12 |  941.8 |
        Temple |     53 |     36 |     17 |      0 |     20 |   1 |   53.0 |
          Lair |   5643 |   5245 |    398 |   1862 |   2374 |   5 | 1128.6 |
       Ossuary |    272 |    272 |      0 |    132 |     20 |   1 |  272.0 |
        Bailey |   1069 |   1069 |      0 |    358 |    272 |   1 | 1069.0 |
               +--------+--------+--------+--------+--------+-----+--------+

Top non-repeatable levels by time:
  Lair:2: 1928 daAuts
     D:5: 1629 daAuts
  Lair:3: 1502 daAuts
  Lair:1: 1229 daAuts
    D:11: 1207 daAuts
  Bailey: 1069 daAuts
     D:6: 991 daAuts
    D:12: 989 daAuts
     D:7: 954 daAuts
     D:2: 949 daAuts
     D:9: 872 daAuts
    D:10: 836 daAuts
     D:8: 774 daAuts
     D:3: 745 daAuts
  Lair:4: 740 daAuts
